 Dungeon Crawl Stone Soup version 0.28-a0-429-g1448048969 (webtiles) character file.

Game seed: 9770995074566965904

1477 dolemite99 the Digger (level 8, -9/58 HPs)
             Began as a Gnoll Earth Elementalist on Sept 11, 2021.
             Killed from afar by Ijyb (38 damage)
             ... with a bolt of acid
             ... on level 5 of the Dungeon.
             The game lasted 00:08:49 (6869 turns).

dolemite99 the Digger (Gnoll Earth Elementalist)    Turns: 6869, Time: 00:08:49

Health: -9/58      AC:  0    Str:  9    XL:     8   Next: 78%
Magic:  13/17      EV: 14    Int: 16    God:
Gold:   150        SH:  4    Dex: 12    Spells: 10/19 levels left

rFire   . . .      SeeInvis .   i - +0 quick blade
rCold   . . .      Faith    .   l - +0 buckler
rNeg    . . .      Spirit   .   b - +0 robe
rPois   .          Reflect  .   (no helmet)
rElec   .          Harm     .   (no cloak)
rCorr   .          Rampage  .   f - +0 pair of gloves
Will    .....                   (no boots)
Stlth   +++.......              (no amulet)
HPRegen 0.19/turn               (no ring)
MPRegen 0.15/turn               (no ring)

@: corroded
A: fangs 1, strong nose, distributed training
a: no special abilities


You were on level 5 of the Dungeon.
You visited 1 branch of the dungeon, and saw 5 of its levels.
You also visited: Sewer.

You collected 150 gold pieces.

Inventory:

Hand Weapons
 a - a +0 dagger
 i - a +0 quick blade (weapon)
 m - a +3 hunting sling
 w - a +1 whip of flaming
 y - a +0 trident
 z - a +4 long sword of pain
Missiles
 d - 11 arrows
 j - 53 bolts
 s - 17 stones
 v - 25 sling bullets
Armour
 b - a +0 robe (worn)
 e - a +0 ring mail
 f - a +0 pair of gloves (worn)
 l - a +0 buckler (worn)
Jewellery
 n - a ring of poison resistance
 p - an amulet of reflection
Scrolls
 h - a scroll of teleportation {unknown}
 o - a scroll of amnesia {unknown}
 q - 3 scrolls of fog
 t - 3 scrolls of enchant weapon {unknown}
 x - 2 scrolls of summoning {unknown}
 A - a scroll of vulnerability {unknown}
 B - a scroll of identify {@r1}
Potions
 c - 3 potions of brilliance
 k - 2 potions of attraction
 r - a potion of might {unknown}
 u - 7 potions of flight
 C - a potion of curing {unknown}


   Skills:
 + Level 3.5 Fighting
 + Level 3.5 Short Blades
 + Level 3.5 Long Blades
 + Level 3.5 Axes
 + Level 3.5 Maces & Flails
 + Level 3.5 Polearms
 + Level 3.5 Staves
 + Level 3.5 Slings
 + Level 3.5 Bows
 + Level 3.5 Crossbows
 + Level 3.5 Throwing
 + Level 3.5 Armour
 + Level 5.9 Dodging
 + Level 5.5 Stealth
 + Level 3.5 Shields
 + Level 3.5 Unarmed Combat
 + Level 6.2 Spellcasting
 + Level 2.9 Conjurations
 + Level 2.9 Hexes
 + Level 2.9 Summonings
 + Level 2.9 Necromancy
 + Level 2.9 Translocations
 + Level 3.7 Transmutations
 + Level 2.9 Fire Magic
 + Level 2.9 Ice Magic
 + Level 2.9 Air Magic
 + Level 6.2 Earth Magic
 + Level 2.9 Poison Magic
 + Level 3.9 Invocations
 + Level 3.5 Evocations


You had 10 spell levels left.
You knew the following spells:

 Your Spells              Type           Power      Damage    Failure   Level
a - Sandblast             Erth           50%        2d12      1%          1
b - Stone Arrow           Conj/Erth      38%        3d9       6%          3
c - Call Canine Familiar  Summ           14%        N/A       12%         3
d - Passwall              Tmut/Erth      16%        N/A       2%          2

Your spell library contained the following spells:

 Spells                   Type           Power      Damage    Failure   Level
 Summon Small Mammal      Summ           56%        N/A       4%          1
 Slow                     Hex            14%        N/A       6%          2
 Confusing Touch          Hex            14%        N/A       12%         3
 Dazzling Flash           Conj/Hex       28%        N/A       12%         3
 Summon Guardian Golem    Hex/Summ       14%        N/A       12%         3
 Vampiric Draining        Necr           7%         2d7       12%         3
 Petrify                  Tmut/Erth      20%        N/A       19%         4
 Yara's Violent Unravell  Hex/Tmut       7%         3d5       69%         5
 Agony                    Necr           14%        N/A       75%         5
 Silence                  Hex/Air        7%         N/A       75%         5


Dungeon Overview and Level Annotations

Branches:
Dungeon (5/15)              Sewer (visited)
 Temple: D:4-7

Altars:
Wu Jian

Annotations:
D:5 Ijyb


Innate Abilities, Weirdness & Mutations

You have very sharp teeth.
Your uncanny sense of smell can sniff out nearby items.
Your experience applies equally to all skills.


Message History

You start waiting.
An orc is nearby!
Casting: Sandblast (safe; 1% risk of failure)
Confirm with . or Enter, or press ? or * to list all spells.
Aiming: Sandblast (safe; 1% risk of failure)
Press: ? - help, Shift-Dir - straight line, f - orc
Aim: an orc, wielding a +0 club (81% to hit)
The blast of sand hits the orc.
The orc is heavily wounded.
The orc closely misses you.
Casting: Sandblast (safe; 1% risk of failure)
Confirm with . or Enter, or press ? or * to list all spells.
Aiming: Sandblast (safe; 1% risk of failure)
Press: ? - help, Shift-Dir - straight line, f/p - orc
Aim: an orc, wielding a +0 club (heavily wounded, 81% to hit)
The blast of sand misses the orc.
The orc closely misses you.
Ijyb zaps a wand.
The bolt of acid hits the orc.
The orc dies!
The bolt of acid hits you!!
Ouch! That really hurt!
The acid corrodes you!
Casting: Sandblast (safe; 1% risk of failure)
Confirm with . or Enter, or press ? or * to list all spells.
Aiming: Sandblast (safe; 1% risk of failure)
Press: ? - help, Shift-Dir - straight line, f - Ijyb
Aim: Ijyb, wielding a +2 spectral club, wearing a +1 leather armour of cold resistance and carrying a wand of acid (7) (76% to hit)
The blast of sand hits Ijyb but does no damage.
Ijyb screams, "Level is mine!
All mine!"
You feel much better.
Ijyb zaps a wand.
The bolt of acid hits you!!
You feel much better. Ijyb hits you with a +2 spectral club.
Casting: Sandblast (safe; 1% risk of failure)
Confirm with . or Enter, or press ? or * to list all spells.
Aiming: Sandblast (safe; 1% risk of failure)
Press: ? - help, Shift-Dir - straight line, f/p - Ijyb
Aim: Ijyb, wielding a +2 spectral club, wearing a +1 leather armour of cold resistance and carrying a wand of acid (6) (76% to hit)
The blast of sand hits Ijyb!
Ijyb is heavily wounded.
Ijyb zaps a wand.
The bolt of acid hits you!!!
Ouch! That really hurt!
You die...

###.....# ###.....#
###.....#####...###.##
..........#...#####..######
#.<...#...................###.
#...#####).g#######...........
...###......o..#####.........
...#...#######....##.......#
####.### ####g##.......#
##...# #####..@.........†##
#..###
#.....#####.....†..#####
..########.#####
#......#...... .#.........#
#......#.##... ...#########
#......#...... ####
#########...## ## ###..### .#
########...## .# #........###


You could see Ijyb.

Vanquished Creatures
  Pikel (D:4)
  Grinder (D:3)
  Prince Ribbit (D:5)
  Sigmund (D:4)
  Blork the orc (D:4)
  2 scorpions
  Natasha (D:4)
  An orc wizard (D:4)
  A hound skeleton (D:4)
  9 adders
  3 river rats (D:4)
  2 worms
  2 dart slugs (D:2)
  7 orcs
  17 bats
  4 endoplasms
  4 giant cockroaches
  4 hobgoblins
  4 jackals (Sewer)
  3 quokkas
  8 ball pythons
  5 frilled lizards
  10 goblins
  7 kobolds
  2 rats
101 creatures vanquished.

Vanquished Creatures (others)
  An orc (D:5)
1 creature vanquished.

Grand Total: 102 creatures vanquished

Notes
Turn   | Place    | Note
-------+----------+-------------------------------------------
     0 | D:1      | dolemite99 the Gnoll Earth Elementalist began the quest for
                  | the Orb.
     0 | D:1      | Reached XP level 1. HP: 13/13 MP: 6/6
   377 | D:1      | Reached XP level 2. HP: 19/19 MP: 3/7
  1009 | D:2      | Reached skill level 5 in Spellcasting
  1009 | D:2      | Reached XP level 3. HP: 25/25 MP: 6/9
  1243 | D:2      | Reached skill level 1 in Invocations
  1674 | D:2      | Found an ornate altar of the Wu Jian Council.
  1842 | D:2      | Reached skill level 1 in Fighting
  1842 | D:2      | Reached skill level 1 in Short Blades
  1842 | D:2      | Reached skill level 1 in Long Blades
  1842 | D:2      | Reached skill level 1 in Axes
  1842 | D:2      | Reached skill level 1 in Maces & Flails
  1842 | D:2      | Reached skill level 1 in Polearms
  1842 | D:2      | Reached skill level 1 in Staves
  1842 | D:2      | Reached skill level 1 in Slings
  1842 | D:2      | Reached skill level 1 in Bows
  1842 | D:2      | Reached skill level 1 in Crossbows
  1842 | D:2      | Reached skill level 1 in Throwing
  1842 | D:2      | Reached skill level 1 in Armour
  1842 | D:2      | Reached skill level 1 in Shields
  1842 | D:2      | Reached skill level 1 in Unarmed Combat
  1842 | D:2      | Reached skill level 1 in Evocations
  1885 | D:2      | Reached XP level 4. HP: 32/32 MP: 7/11
  2500 | D:3      | Learned a level 3 spell: Stone Arrow
  2607 | D:3      | Reached skill level 1 in Conjurations
  2607 | D:3      | Reached skill level 1 in Hexes
  2607 | D:3      | Reached skill level 1 in Summonings
  2607 | D:3      | Reached skill level 1 in Necromancy
  2607 | D:3      | Reached skill level 1 in Translocations
  2607 | D:3      | Reached skill level 1 in Fire Magic
  2607 | D:3      | Reached skill level 1 in Ice Magic
  2607 | D:3      | Reached skill level 1 in Air Magic
  2607 | D:3      | Reached skill level 1 in Poison Magic
  3086 | D:3      | Noticed Grinder
  3106 | D:3      | Paralysed by Grinder for 5 turns
  3112 | D:3      | Killed Grinder
  3113 | D:3      | Reached skill level 5 in Dodging
  3113 | D:3      | Reached XP level 5. HP: 38/38 MP: 0/12
  3113 | D:3      | Reached XP level 6. HP: 44/44 MP: 0/14
  3885 | D:3      | Found a faded altar of an unknown god.
  4107 | D:4      | Noticed Sigmund
  4114 | D:4      | Killed Sigmund
  4115 | D:4      | Reached XP level 7. HP: 49/51 MP: 10/15
  4154 | D:4      | Noticed Natasha
  4161 | D:4      | Killed Natasha
  4175 | D:4      | Noticed Pikel
  4200 | D:4      | Killed Pikel
  4201 | D:4      | Reached skill level 5 in Stealth
  4201 | D:4      | Reached XP level 8. HP: 20/58 MP: 7/16
  4631 | D:4      | Found a glowing drain.
  4636 | Sewer    | Entered a sewer
  5739 | D:4      | Noticed Blork the orc
  5754 | D:4      | Killed Blork the orc
  5794 | D:4      | Learned a level 2 spell: Passwall
  5798 | D:4      | Learned a level 3 spell: Call Canine Familiar
  6243 | D:5      | Entered Level 5 of the Dungeon
  6247 | D:5      | Noticed Prince Ribbit
  6254 | D:5      | Killed Prince Ribbit
  6817 | D:5      | Noticed Ijyb
  6869 | D:5      | Killed from afar by Ijyb

Illustrated notes

Levels and vault maps discovered:
D:1:      saegor_arrival_simple_e, layout_basic
D:2:      layout_loops_ring, serial_glass, glass_columns_b, glass_columns_b,
          glass_columns_b, glass_columns_a, glass_columns_a, glass_columns_a,
          basic_altar
D:3:      layout_loops_ring, shapermc_ecumenical_altar_mp_vishouse, uniq_grinder
D:4:      layout_basic, lightli_sewer_entry_pipes, uniq_pikel, uniq_natasha,
          uniq_sigmund, uniq_blork_the_orc
D:5:      layout_rooms, mainiacjoe_overflow_boulevard, uniq_ijyb,
          uniq_prince_ribbit1

Skill      XL: |  1  2  3  4  5  6  7  8 |
---------------+-------------------------+-----
Transmutations | 2 3 |  3.7
Spellcasting   | 5 6 |  6.2
Invocations    | 1 2 3 |  3.9
Fighting       | 1 2 3 |  3.5
Short Blades   | 1 2 3 |  3.5
Long Blades    | 1 2 3 |  3.5
Axes           | 1 2 3 |  3.5
Maces & Flails | 1 2 3 |  3.5
Polearms       | 1 2 3 |  3.5
Staves         | 1 2 3 |  3.5
Slings         | 1 2 3 |  3.5
Bows           | 1 2 3 |  3.5
Crossbows      | 1 2 3 |  3.5
Throwing       | 1 2 3 |  3.5
Armour         | 1 2 3 |  3.5
Shields        | 1 2 3 |  3.5
Unarmed Combat | 1 2 3 |  3.5
Evocations     | 1 2 3 |  3.5
Conjurations   | 1 2 |  2.9
Hexes          | 1 2 |  2.9
Summonings     | 1 2 |  2.9
Necromancy     | 1 2 |  2.9
Translocations | 1 2 |  2.9
Fire Magic     | 1 2 |  2.9
Ice Magic      | 1 2 |  2.9
Air Magic      | 1 2 |  2.9
Poison Magic   | 1 2 |  2.9
Dodging        | 5 |  5.9
Stealth        | 5 |  5.5
Earth Magic    | 6 |  6.2

Action                   |  1- 3 |  4- 6 |  7- 9 || total
-------------------------+-------+-------+-------++-------
Melee: Quick blade       |    12 |    63 |    38 ||   113
       Bite              |       |     3 |     1 ||     4
 Cast: Sandblast         |    38 |    34 |    95 ||   167
       Stone Arrow       |       |     4 |       ||     4
  Use: Scroll            |       |     3 |     3 ||     6
       Potion            |       |     1 |     2 ||     3
 Stab: Sleeping          |       |     4 |       ||     4
Armor: Robe              |     3 |    11 |    12 ||    26
       Skin              |       |     7 |       ||     7
Dodge: Dodged            |    19 |    38 |    47 ||   104
Block: Buckler           |     1 |    10 |    14 ||    25

Table legend: (Time is in decaauts)
 A = Elapsed time spent in this place.
 B = Non-inter-level travel time spent in this place.
 C = Inter-level travel time spent in this place.
 D = Time resting spent in this place.
 E = Time spent auto-exploring this place.
 F = Levels seen in this place.
 G = Mean time per level.
                   A        B        C        D        E       F      G
               +--------+--------+--------+--------+--------+-----+--------+
         Total |   6947 |   6780 |    167 |   3073 |   2457 |   6 | 1157.8 |
       Dungeon |   5950 |   5783 |    167 |   2466 |   2313 |   5 | 1190.0 |
         Sewer |    997 |    997 |      0 |    607 |    144 |   1 |  997.0 |
               +--------+--------+--------+--------+--------+-----+--------+

Top non-repeatable levels by time:
     D:2: 1505 daAuts
     D:3: 1462 daAuts
     D:4: 1414 daAuts
   Sewer: 997 daAuts
     D:1: 943 daAuts
     D:5: 625 daAuts
